[Event "Titled Tuesday Blitz April 19 Early 2022"]
[White "Oparin, Grigoriy"]
[Black "Maksimenko, Viktor"]
[WhiteFideId "24125890"]
[BlackFideId "13710478"]
[WhiteElo "2665"]
[BlackElo "2269"]
[Result "1-0"]
[Round "02"]
[TimeControl "180+1"]
[Date "2022.04.19"]
[WhiteClock "0:02:25"]
[BlackClock "0:01:17"]

1. e4 c6 2. Nc3 d5 3. d4 dxe4 4. Nxe4 Nf6 5. Nxf6+ exf6 6. c3 Bd6 7. Bd3 O-O 8. Qc2 Re8+ 9. Ne2 h5 10. O-O h4 11. h3 Nd7 12. Be3 Nf8 13. Rae1 Bd7 14. Kh1 Rc8 15. Ng1 Bb8 16. f4 g6 17. Qf2 Be6 18. b3 c5 19. Nf3 cxd4 20. Bxd4 Bxf4 21. Qxh4 g5 22. Qh6 Nd7 23. Bh7+ Kh8 24. Rxe6 1-0


[Site "https://www.chess.com"]

[Event "Titled Tuesday Blitz April 19 Early 2022"]
[White "Pajeken, Jakob Leon"]
[Black "Xu, Yi"]
[WhiteFideId "12942839"]
[BlackFideId "8605564"]
[WhiteElo "2351"]
[BlackElo "2471"]
[Result "0-1"]
[Round "02"]
[TimeControl "180+1"]
[Date "2022.04.19"]
[WhiteClock "0:00:11"]
[BlackClock "0:00:03"]

1. d4 Nf6 2. Nf3 d5 3. e3 e6 4. c4 b6 5. Nc3 a6 6. Bd3 Bb7 7. O-O Bd6 8. Qe2 Ne4 9. Nd2 f5 10. f3 Nxd2 11. Bxd2 O-O 12. Na4 Nd7 13. b4 dxc4 14. Bxc4 Qe7 15. b5 axb5 16. Bxb5 c6 17. Nc3 cxb5 18. Nxb5 Nf6 19. Rab1 Rfc8 20. Qd3 Bd5 21. Rfc1 Rxc1+ 22. Rxc1 h6 23. a3 Qd7 24. Qb1 Rb8 25. Be1 Bc6 26. Nxd6 f4 27. Nc4 Bd5 28. Ne5 Qa4 29. Qg6 Qxa3 30. Qf7+ Kh8 31. Rc7 Ne8 32. Ng6+ Kh7 33. Rc3 Qa1 34. Nf8+ Kh8 35. Ng6+ Kh7 36. Kf1 Nd6 37. Qxf4 Qa6+ 38. Kf2 Qa2+ 39. Kg3 Qb1 40. Ne7 Qxe1+ 41. Kh3 Qxc3 42. Qf7 Qd3 43. Qf4 Nf5 44. Qxb8 Nxe7 45. e4 Bxe4 46. Qe8 Bf5+ 47. Kg3 Ng6 48. h4 Qxd4 49. Qb8 Qf4+ 50. Qxf4 Nxf4 51. Kxf4 b5 52. g4 b4 53. gxf5 b3 54. fxe6 Kg8 55. Ke5 b2 56. Kd6 b1=Q 0-1


[Site "https://www.chess.com"]

[Event "Titled Tuesday Blitz April 19 Early 2022"]
[White "Pakleza, Zbigniew"]
[Black "Ning, Kaiyu"]
[WhiteFideId "1119290"]
[BlackFideId "8614750"]
[WhiteElo "2467"]
[BlackElo "2013"]
[Result "0-1"]
[Round "02"]
[TimeControl "180+1"]
[Date "2022.04.19"]
[WhiteClock "0:00:02"]
[BlackClock "0:00:09"]

1. d4 Nf6 2. Nf3 d5 3. Bf4 Bf5 4. c4 e6 5. Nc3 c6 6. Qb3 Qb6 7. c5 Qxb3 8. axb3 Na6 9. e4 Nb4 10. Ra4 Nd3+ 11. Bxd3 dxe4 12. Be2 exf3 13. Bxf3 Nd5 14. Nxd5 exd5 15. Kd2 Kd7 16. g4 Be6 17. h4 Be7 18. Be2 a6 19. f3 Rae8 20. h5 h6 21. Bd3 Bd8 22. Raa1 Bc7 23. Be3 Re7 24. Rae1 Rhe8 25. Rhg1 f6 26. f4 Bf7 27. Rgf1 Kd8 28. Bf5 Ba5+ 29. Kd3 Bxe1 30. Rxe1 Kc7 31. Kd2 Be6 32. Bg6 Bf7 33. Bf5 Kb8 34. b4 Ka7 35. Kd3 b6 36. Kd2 Rb8 37. Kc3 Reb7 38. Bd3 bxc5 39. bxc5 Rb3+ 40. Kd2 Rxb2+ 41. Bc2 Ra2 42. Bf2 Rbb2 43. Re7+ Rb7 44. Re2 Ra1 45. Be1 a5 46. Kc3 a4 47. Bd2 a3 48. Bc1 Rxc1 0-1


[Site "https://www.chess.com"]

[Event "Titled Tuesday Blitz April 19 Early 2022"]
[White "Petrosyan, Manuel"]
[Black "Papp, Levente"]
[WhiteFideId "13300857"]
[BlackFideId "751243"]
[WhiteElo "2592"]
[BlackElo "2308"]
[Result "1/2-1/2"]
[Round "02"]
[TimeControl "180+1"]
[Date "2022.04.19"]
[WhiteClock "0:00:06"]
[BlackClock "0:00:21"]

1. Nf3 Nf6 2. g3 d5 3. Bg2 c6 4. c4 g6 5. b3 Bg7 6. Bb2 O-O 7. O-O Re8 8. d4 a5 9. Nc3 Bf5 10. Rc1 Ne4 11. e3 Nxc3 12. Bxc3 Be4 13. Qe2 a4 14. b4 dxc4 15. Qxc4 b5 16. Qe2 Qd5 17. Nh4 Bxg2 18. Nxg2 Nd7 19. Rfd1 Nb6 20. Nf4 Qd7 21. Nd3 Nc4 22. Ba1 e6 23. Nc5 Qc7 24. f4 Bf8 25. h4 h5 26. Bc3 Rad8 27. e4 Bxc5 28. dxc5 Rxd1+ 29. Rxd1 Rd8 30. Rd3 Kf8 31. Bf6 Rxd3 32. Qxd3 Ke8 33. Kf2 Qd7 34. Ke2 Qxd3+ 35. Kxd3 Kd7 36. Ke2 Ke8 37. Bc3 Kd7 38. Kf3 f5 39. e5 Ke7 40. Ke2 Kd7 41. Kd3 Kc7 42. Bd4 Kd7 43. Bc3 Kc7 44. Bd4 Kd7 45. Bc3 1/2-1/2


[Site "https://www.chess.com"]

[Event "Titled Tuesday Blitz April 19 Early 2022"]
[White "Petrovic, Aleksa"]
[Black "Petrova, Irina"]
[WhiteFideId "967629"]
[BlackFideId "14124122"]
[WhiteElo "2198"]
[BlackElo "1993"]
[Result "1/2-1/2"]
[Round "02"]
[TimeControl "180+1"]
[Date "2022.04.19"]
[WhiteClock "0:00:15"]
[BlackClock "0:00:12"]

1. Nf3 d5 2. g3 Nf6 3. Bg2 c6 4. O-O Bg4 5. d3 Nbd7 6. Nbd2 e5 7. h3 Bh5 8. g4 Bg6 9. Nh4 Bc5 10. e3 Bb6 11. b3 Qe7 12. a4 e4 13. Ba3 Bc5 14. Bxc5 Nxc5 15. b4 Ncd7 16. Nxg6 hxg6 17. dxe4 Nxe4 18. Nxe4 dxe4 19. Qd4 Rd8 20. Qxa7 Ne5 21. Rfd1 Nf3+ 22. Bxf3 exf3 23. Rxd8+ Qxd8 24. Qxb7 Rxh3 25. Qxc6+ Kf8 26. a5 Kg8 27. a6 Qh4 28. Qxf3 Rxf3 29. a7 Qxg4+ 30. Kf1 Qc4+ 31. Kg2 Qg4+ 32. Kf1 Qc4+ 33. Kg2 Qg4+ 34. Kf1 1/2-1/2


[Site "https://www.chess.com"]

[Event "Titled Tuesday Blitz April 19 Early 2022"]
[White "Piesik, Piotr"]
[Black "Mayaud, Raphael"]
[WhiteFideId "1136194"]
[BlackFideId "627151"]
[WhiteElo "2190"]
[BlackElo "2191"]
[Result "0-1"]
[Round "02"]
[TimeControl "180+1"]
[Date "2022.04.19"]
[WhiteClock "0:00:57"]
[BlackClock "0:00:13"]

1. Nf3 d5 2. g3 c6 3. Bg2 Nf6 4. O-O Bf5 5. d3 e6 6. Nbd2 h6 7. Qe1 Bh7 8. e4 dxe4 9. dxe4 Be7 10. Qe2 Nbd7 11. b3 Qc7 12. Bb2 O-O 13. a4 Rfe8 14. Rfd1 Rad8 15. Ne1 e5 16. Nc4 Bc5 17. Nd3 Bd4 18. c3 Bc5 19. Nxc5 Nxc5 20. Rxd8 Rxd8 21. b4 Ncxe4 22. Re1 b5 23. Bxe4 Nxe4 24. f3 Nxg3 25. hxg3 bxc4 26. Qxc4 e4 27. f4 Rd3 28. Bc1 Rxg3+ 29. Kh2 Rg4 30. Qc5 Qd8 31. Re3 Qd1 32. Rg3 Rxg3 33. Kxg3 Qxc1 34. Qxc6 Qe3+ 35. Kg2 Qf3+ 36. Kg1 Bf5 37. Qe8+ Kh7 38. Qxf7 Bg6 39. Qc7 e3 0-1


[Site "https://www.chess.com"]

[Event "Titled Tuesday Blitz April 19 Early 2022"]
[White "Piliczewski, Bogusz"]
[Black "Melaugh, Shane"]
[WhiteFideId "1104144"]
[BlackFideId "2509580"]
[WhiteElo "1896"]
[BlackElo "1972"]
[Result "0-1"]
[Round "02"]
[TimeControl "180+1"]
[Date "2022.04.19"]
[WhiteClock "0:00:11"]
[BlackClock "0:00:19"]

1. d4 e6 2. Nf3 f5 3. Bf4 Nf6 4. h3 b6 5. e3 Bb7 6. Be2 Be7 7. O-O O-O 8. Nbd2 Ne4 9. Nxe4 fxe4 10. Nd2 d5 11. c4 Bd6 12. Bxd6 Qxd6 13. f3 Nd7 14. fxe4 dxe4 15. Qc2 Qg3 16. Qc3 e5 17. d5 Nc5 18. Rxf8+ Rxf8 19. Rf1 Bc8 20. Rxf8+ Kxf8 21. Nf1 Qg5 22. Kh2 h5 23. b4 Nd7 24. c5 bxc5 25. bxc5 Qe7 26. d6 cxd6 27. cxd6 Qe8 28. Qc7 Nf6 29. Bc4 Be6 30. Bxe6 Qxe6 31. Qc6 Ne8 32. Ng3 Qxd6 33. Qxe4 Nf6 34. Qa8+ Kf7 35. Qxa7+ Kg6 36. e4 Qd2 37. Qc7 Qf4 38. Qc3 h4 39. a4 Nxe4 40. Qc6+ Nf6 41. a5 hxg3+ 42. Kg1 Qf2+ 43. Kh1 Qf1# 0-1


[Site "https://www.chess.com"]

[Event "Titled Tuesday Blitz April 19 Early 2022"]
[White "Plazuelo Pascual, Juan"]
[Black "Makarian, Rudik"]
[WhiteFideId "32059566"]
[BlackFideId "44105681"]
[WhiteElo "2359"]
[BlackElo "2388"]
[Result "1-0"]
[Round "02"]
[TimeControl "180+1"]
[Date "2022.04.19"]
[WhiteClock "0:00:15"]
[BlackClock "0:00:03"]

1. d4 Nf6 2. c4 d6 3. Nc3 e5 4. Nf3 Nbd7 5. Bg5 Be7 6. e3 O-O 7. Qc2 h6 8. Bh4 c6 9. O-O-O Qc7 10. h3 Re8 11. g4 Nf8 12. g5 hxg5 13. Bxg5 exd4 14. Nxd4 N6h7 15. h4 Ne6 16. Bxe7 Nxd4 17. Bxd6 Qxd6 18. Rxd4 Qh6 19. Bd3 Nf6 20. Ne4 Nxe4 21. Rxe4 Rxe4 22. Bxe4 Be6 23. h5 Qf6 24. h6 g6 25. f4 Re8 26. Rf1 Qh4 27. Bxg6 Qxh6 28. Rg1 Kf8 29. Be4 Qf6 30. Qd2 c5 31. Qd6+ Qe7 32. Qe5 Qh4 33. Rh1 Qf2 34. Qxc5+ Re7 35. Rh8+ Kg7 36. Qg5+ Kxh8 37. Qh6+ Kg8 38. Qh7+ Kf8 39. Qh8# 1-0


[Site "https://www.chess.com"]

[Event "Titled Tuesday Blitz April 19 Early 2022"]
[White "Plotnikov, Pavel"]
[Black "Rustemov, Alexander"]
[WhiteFideId "4170342"]
[BlackFideId "4119002"]
[WhiteElo "2298"]
[BlackElo "2773"]
[Result "1/2-1/2"]
[Round "02"]
[TimeControl "180+1"]
[Date "2022.04.19"]
[WhiteClock "0:00:04"]
[BlackClock "0:00:10"]

1. e4 e6 2. d4 d5 3. e5 c5 4. c3 Qb6 5. Nf3 Bd7 6. Be2 Bb5 7. O-O Bxe2 8. Qxe2 Qa6 9. Qd1 cxd4 10. cxd4 Bb4 11. a3 Nc6 12. Be3 Nge7 13. Nbd2 Bxd2 14. Qxd2 O-O 15. b4 Rac8 16. Rfc1 Qa4 17. Rc5 b6 18. Rc3 Nb8 19. Rac1 Rxc3 20. Rxc3 Rc8 21. g4 Rc4 22. Kg2 Nbc6 23. h4 a5 24. bxa5 Qxa5 25. Rb3 Qa6 26. Qb2 Nc8 27. Nd2 Ra4 28. Qc2 N8e7 29. Rc3 b5 30. Nb3 Rxa3 31. Bg5 Ra2 32. Qc1 b4 33. Rc5 Qe2 34. Qf4 Ng6 35. Qg3 Ra6 36. h5 Nf8 37. Qf3 Qxf3+ 38. Kxf3 h6 39. Bc1 Nd7 40. Rc2 Kf8 41. Ke2 Ke7 42. f4 f5 43. g5 Kd8 44. gxh6 gxh6 45. Kd3 Ne7 46. Rg2 Ke8 47. Rg7 Rc6 48. Bd2 Kf8 49. Rh7 Ra6 50. Bxb4 Rb6 51. Rxe7 Rxb4 52. Rxd7 Rxb3+ 53. Kc2 Rf3 54. Rh7 Rxf4 55. Kd3 Rf3+ 56. Ke2 Rh3 57. Rxh6 Kf7 58. Rh7+ Kf8 59. Rh6 Ke7 60. Rh7+ Kf8 61. Rh6 1/2-1/2


[Site "https://www.chess.com"]

[Event "Titled Tuesday Blitz April 19 Early 2022"]
[White "Polster, Christian"]
[Black "Nareks, Matic"]
[WhiteFideId "12965081"]
[BlackFideId "14629526"]
[WhiteElo "2313"]
[BlackElo "2147"]
[Result "0-1"]
[Round "02"]
[TimeControl "180+1"]
[Date "2022.04.19"]
[WhiteClock "0:00:04"]
[BlackClock "0:00:53"]

1. e4 d5 2. exd5 Qxd5 3. Nc3 Qa5 4. Bc4 Nf6 5. d4 Bg4 6. f3 Bf5 7. g4 Bg6 8. f4 e6 9. Nf3 Nc6 10. Ne5 Nxe5 11. dxe5 Ne4 12. Bd2 Qc5 13. Qe2 Nxd2 14. Kxd2 O-O-O+ 15. Bd3 Qd4 16. Qe3 Bc5 17. Qxd4 Rxd4 18. Rhf1 Rhd8 19. f5 exf5 20. gxf5 Bh5 21. Rae1 Rh4 22. Ne4 Bd4 23. Ng3 Rxh2+ 24. Kc1 Bg4 25. e6 fxe6 26. fxe6 Bf2 27. e7 Re8 28. Nf5 Bxe1 29. Rxe1 Kd7 30. Re5 c6 31. c4 g6 32. Ne3 Be6 33. c5 Rxe7 0-1


[Site "https://www.chess.com"]

[Event "Titled Tuesday Blitz April 19 Early 2022"]
[White "Postnikov, Daniil"]
[Black "Sapunov, Evgeny"]
[WhiteFideId "4166329"]
[BlackFideId "4126661"]
[WhiteElo "2261"]
[BlackElo "2470"]
[Result "1-0"]
[Round "02"]
[TimeControl "180+1"]
[Date "2022.04.19"]
[WhiteClock "0:00:29"]
[BlackClock "0:00:07"]

1. d4 Nf6 2. c4 g6 3. Nf3 Bg7 4. Nc3 O-O 5. e4 d6 6. Be2 e5 7. O-O Nc6 8. d5 Ne7 9. b4 Nh5 10. c5 Nf4 11. Nd2 c6 12. cxd6 Qxd6 13. Nc4 Qxb4 14. Ba3 Qxc3 15. Bxe7 Re8 16. Bg5 cxd5 17. exd5 Nxe2+ 18. Qxe2 f6 19. Nd6 Rd8 20. Ne4 Qb4 21. Nxf6+ Kh8 22. Qxe5 Bf5 23. Rac1 Qd6 24. Rfe1 Qxe5 25. Rxe5 Rf8 26. g4 Bd3 27. Re3 Bb5 28. Ne4 h6 29. Be7 Rfe8 30. d6 Rac8 31. Rc7 Bc6 32. Nf6 Bxf6 33. Bxf6+ Kg8 34. Rxc6 Kf7 35. Rxc8 Rxc8 36. d7 Rc1+ 37. Kg2 Rd1 38. d8=Q 1-0


[Site "https://www.chess.com"]

[Event "Titled Tuesday Blitz April 19 Early 2022"]
[White "Praggnanandhaa R"]
[Black "Karolczuk, Iwo"]
[WhiteFideId "25059530"]
[BlackFideId "21816972"]
[WhiteElo "2599"]
[BlackElo "2277"]
[Result "1-0"]
[Round "02"]
[TimeControl "180+1"]
[Date "2022.04.19"]
[WhiteClock "0:01:31"]
[BlackClock "0:00:51"]

1. c4 Nf6 2. Nc3 e5 3. Nf3 Nc6 4. g3 Bb4 5. Bg2 Bxc3 6. bxc3 O-O 7. O-O Re8 8. d3 d5 9. cxd5 Nxd5 10. Bb2 h6 11. Qc2 a5 12. Rad1 Nb6 13. e3 Bf5 14. c4 Qe7 15. a3 Rad8 16. Qb3 Bh7 17. Rfe1 e4 18. dxe4 Bxe4 19. Qc3 f6 20. c5 Nd5 21. Qc4 Kh8 22. Nh4 Bxg2 23. Ng6+ 1-0


[Site "https://www.chess.com"]

[Event "Titled Tuesday Blitz April 19 Early 2022"]
[White "Przybylski, Wojciech"]
[Black "Atakhan, Abtin"]
[WhiteFideId "1117599"]
[BlackFideId "22502203"]
[WhiteElo "2133"]
[BlackElo "2094"]
[Result "0-1"]
[Round "02"]
[TimeControl "180+1"]
[Date "2022.04.19"]
[WhiteClock "0:00:06"]
[BlackClock "0:00:05"]

1. d4 Nf6 2. Nf3 c5 3. e3 cxd4 4. exd4 d5 5. h3 Nc6 6. c3 g6 7. Bd3 Bf5 8. O-O e6 9. Re1 Bd6 10. Ne5 Bxe5 11. dxe5 Nd7 12. f4 Bxd3 13. Qxd3 Nc5 14. Qc2 Ne4 15. Be3 O-O 16. Nd2 Nxd2 17. Qxd2 Ne7 18. Bf2 Qd7 19. Rad1 Rac8 20. Qe2 Rfe8 21. Qf3 Qa4 22. Rd2 Qxa2 23. Bh4 Qc4 24. Bf6 Nc6 25. Kh2 Nb8 26. Qg3 Nd7 27. Qg5 Nxf6 28. exf6 Qc5 29. Rd4 Qf8 30. Re5 Rc4 31. Rxc4 dxc4 32. Re4 Rc8 33. Qb5 Qd8 34. Qxb7 Rc7 35. Qb5 Rc8 36. Qg5 h6 37. Qe5 Qb6 38. Re2 Rc5 39. Qd4 Qc7 40. Re5 Rd5 41. Rxd5 exd5 42. Kg3 Qd7 43. Qe5 Qe6 44. Kf3 a6 45. g4 Qc6 46. Qb8+ Kh7 47. g5 hxg5 48. fxg5 d4+ 49. Kg3 Qc5 50. Qf4 d3 51. Qh4+ Kg8 52. Qh6 Qf8 53. Qh4 Qd6+ 54. Kf3 d2 55. Qh6 d1=Q+ 56. Kf2 Q6d2+ 57. Kg3 Qe3+ 58. Kh4 Qf2# 0-1


[Site "https://www.chess.com"]

[Event "Titled Tuesday Blitz April 19 Early 2022"]
[White "Rangel, Daniel"]
[Black "Bilych, Olexiy"]
[WhiteFideId "2124475"]
[BlackFideId "14156504"]
[WhiteElo "2225"]
[BlackElo "2176"]
[Result "0-1"]
[Round "02"]
[TimeControl "180+1"]
[Date "2022.04.19"]
[WhiteClock "0:00:12"]
[BlackClock "0:00:49"]

1. c4 e5 2. g3 Nc6 3. Bg2 g6 4. Nc3 Bg7 5. d3 d6 6. Nf3 Nf6 7. O-O O-O 8. Rb1 a5 9. a3 Nd4 10. b4 axb4 11. axb4 c6 12. b5 Bg4 13. bxc6 bxc6 14. e3 Nxf3+ 15. Bxf3 Bxf3 16. Qxf3 d5 17. cxd5 cxd5 18. e4 d4 19. Nb5 Qd7 20. Bg5 Nh5 21. g4 h6 22. gxh5 hxg5 23. hxg6 fxg6 24. Qg2 Ra5 25. Qxg5 Rxb5 26. Qxg6 Rf6 27. Qg3 Rxb1 28. Rxb1 Qf7 29. Rb8+ Kh7 30. Qh3+ Rh6 0-1


[Site "https://www.chess.com"]

[Event "Titled Tuesday Blitz April 19 Early 2022"]
[White "Ratnakaran, K."]
[Black "Meekins, Kristopher C"]
[WhiteFideId "5005507"]
[BlackFideId "2005964"]
[WhiteElo "2407"]
[BlackElo "2288"]
[Result "1-0"]
[Round "02"]
[TimeControl "180+1"]
[Date "2022.04.19"]
[WhiteClock "0:01:56"]
[BlackClock "0:00:27"]

1. e4 c5 2. Nf3 e6 3. d4 cxd4 4. Nxd4 a6 5. c4 Qc7 6. Nc3 Nc6 7. Be3 Nf6 8. Bd3 Be7 9. O-O O-O 10. Kh1 d6 11. f4 Bd7 12. Nf3 Rfe8 13. Rc1 Rac8 14. a3 Qb8 15. b4 Bf8 16. Bb6 g6 17. Ne2 Bg7 18. Ng3 h6 19. Bb1 Ne7 20. e5 Nh7 21. exd6 Nf5 22. Nxf5 exf5 23. c5 Nf6 24. a4 Ng4 25. h3 Ne3 26. Qb3 Nxf1 27. Rxf1 Re6 28. Ba2 Rce8 29. b5 axb5 30. axb5 Qc8 31. Qc4 Kh7 32. Bb3 Re4 33. Qxf7 Bxb5 34. Rd1 Qd7 35. Nh4 R4e6 36. Bxe6 Rxe6 37. Qxd7 Bxd7 38. Nf3 Re4 39. Ne5 Bxe5 40. fxe5 Rxe5 41. Kg1 Kg8 42. Ra1 Kf7 43. Ra8 Bc6 44. Rh8 h5 45. Rh7+ Ke6 46. Bc7 Rd5 47. Re7+ Kf6 48. Bd8 Rd1+ 49. Kf2 Rd2+ 50. Re2+ 1-0


[Site "https://www.chess.com"]

[Event "Titled Tuesday Blitz April 19 Early 2022"]
[White "Rom, Jasper"]
[Black "Grinev, Valeriy"]
[WhiteFideId "2023733"]
[BlackFideId "14117517"]
[WhiteElo "2233"]
[BlackElo "2345"]
[Result "1-0"]
[Round "02"]
[TimeControl "180+1"]
[Date "2022.04.19"]
[WhiteClock "0:00:06"]
[BlackClock "0:00:28"]

1. e4 Nf6 2. e5 Nd5 3. Nc3 Nxc3 4. dxc3 d5 5. exd6 exd6 6. Be3 Be7 7. Qd2 O-O 8. O-O-O Nd7 9. Nf3 Ne5 10. Be2 Be6 11. Nd4 Bd7 12. h3 c5 13. Nf3 Be6 14. Nxe5 dxe5 15. Qxd8 Rfxd8 16. Bf3 Rxd1+ 17. Rxd1 Rb8 18. b3 b6 19. c4 Rd8 20. Bd5 Bc8 21. f4 exf4 22. Bxf4 Kf8 23. Bb8 Bxh3 24. Bxa7 Bg5+ 25. Kb1 Bg4 26. Rf1 Rd7 27. Bxb6 Be3 28. a4 Rd6 29. a5 Be6 30. Bxe6 Rxe6 31. Re1 f5 32. Rxe3 Rxe3 33. Bxc5+ Ke8 34. Bxe3 Kd7 35. b4 Kc6 36. b5+ Kb7 37. a6+ Kc8 38. b6 Kb8 39. Bf4+ 1-0


[Site "https://www.chess.com"]

[Event "Titled Tuesday Blitz April 19 Early 2022"]
[White "Rottenwohrer Suarez, Juan"]
[Black "Tanenbaum, Zachary"]
[WhiteFideId "32068182"]
[BlackFideId "2060850"]
[WhiteElo "2158"]
[BlackElo "2168"]
[Result "0-1"]
[Round "02"]
[TimeControl "180+1"]
[Date "2022.04.19"]
[WhiteClock "0:00:01"]
[BlackClock "0:00:29"]

1. d4 d5 2. c4 Bf5 3. cxd5 Bxb1 4. Rxb1 Qxd5 5. a3 Nc6 6. Nf3 O-O-O 7. Qc2 Nxd4 8. Nxd4 Qxd4 9. g3 Qd5 10. e4 Qe5 11. Bg2 Nf6 12. O-O e6 13. Be3 Kb8 14. Rfc1 Ne8 15. f4 Qb5 16. e5 c6 17. b4 Nc7 18. a4 Qd3 19. Qf2 Nd5 20. Bxa7+ Ka8 21. Rd1 Qc4 22. Bb6 Bxb4 23. Kh1 Nc3 24. Rxd8+ Rxd8 25. Bxd8 Nxb1 26. a5 Qc1+ 27. Qf1 Qxf1+ 28. Bxf1 Nd2 29. Bd3 g6 30. a6 Ka7 31. axb7 Kxb7 32. h4 Nf3 33. Be4 Nd4 34. Bg2 Be1 35. Kh2 Ne2 36. g4 Nxf4 37. h5 gxh5 38. gxh5 Nxh5 39. Be7 Bg3+ 40. Kh3 Bxe5 41. Be4 Nf4+ 42. Kg4 Ng6 43. Bc2 Nxe7 0-1


[Site "https://www.chess.com"]

[Event "Titled Tuesday Blitz April 19 Early 2022"]
[White "Rozman, Levy"]
[Black "Sliwicki, Damian"]
[WhiteFideId "2039877"]
[BlackFideId "1127128"]
[WhiteElo "2376"]
[BlackElo "2084"]
[Result "1-0"]
[Round "02"]
[TimeControl "180+1"]
[Date "2022.04.19"]
[WhiteClock "0:01:27"]
[BlackClock "0:01:12"]

1. d4 Nf6 2. Bf4 e6 3. Nc3 Bb4 4. e3 Nd5 5. Ne2 Nxf4 6. Nxf4 O-O 7. Bd3 c5 8. dxc5 Qa5 9. Ne2 Qxc5 10. O-O Nc6 11. Ne4 Qh5 12. N4g3 Qh6 13. c4 Ne5 14. a3 Be7 15. Nd4 Nxd3 16. Qxd3 d6 17. f4 Kh8 18. Rf3 e5 19. Ndf5 Qg6 20. fxe5 Bh4 21. Qxd6 Bxg3 22. Qxf8# 1-0


[Site "https://www.chess.com"]

[Event "Titled Tuesday Blitz April 19 Early 2022"]
[White "Sadovsky, Artem"]
[Black "Antonio, Jorge Carlos"]
[WhiteFideId "4155840"]
[BlackFideId "113190"]
[WhiteElo "2314"]
[BlackElo "2247"]
[Result "1-0"]
[Round "02"]
[TimeControl "180+1"]
[Date "2022.04.19"]
[WhiteClock "0:00:08"]
[BlackClock "0:00:24"]

1. d4 d5 2. Nf3 c6 3. g3 g6 4. Bg2 h5 5. O-O Bg7 6. h4 Nf6 7. Nc3 O-O 8. Ng5 Bf5 9. Re1 Ng4 10. f3 Nh6 11. Be3 f6 12. Nh3 Bxh3 13. Bxh3 f5 14. Bg5 Nd7 15. e4 dxe4 16. fxe4 Qc7 17. e5 Nf7 18. Bf4 e6 19. Ne2 Nb6 20. c3 Nd5 21. Qb3 a5 22. a4 Ra6 23. Rad1 Rb6 24. Qc2 Rc8 25. Bg2 Rd8 26. Nc1 c5 27. Bxd5 Rxd5 28. Qf2 Qd8 29. Nd3 cxd4 30. c4 Rd7 31. Nc5 Re7 32. Rxd4 Qc8 33. Rd6 Rxb2 34. Qxb2 Qxc5+ 35. Qf2 Qxf2+ 36. Kxf2 Nxd6 37. exd6 Rd7 38. Rxe6 Kf7 39. Re1 Bf8 40. c5 Bg7 41. Ke3 Bf6 42. Kd3 Bg7 43. Kc4 Bf6 44. Kd5 Bc3 45. Re2 Bb4 46. c6 bxc6+ 47. Kxc6 Ra7 48. d7 Ra6+ 49. Kb7 1-0


[Site "https://www.chess.com"]

[Event "Titled Tuesday Blitz April 19 Early 2022"]
[White "Sailer, Mike"]
[Black "Topalov, Aleksandar"]
[WhiteFideId "2012901"]
[BlackFideId "925659"]
[WhiteElo "2109"]
[BlackElo "2158"]
[Result "1/2-1/2"]
[Round "02"]
[TimeControl "180+1"]
[Date "2022.04.19"]
[WhiteClock "0:00:05"]
[BlackClock "0:00:37"]

1. d4 Nf6 2. Nf3 c5 3. c3 b6 4. Bf4 Bb7 5. e3 e6 6. Be2 Be7 7. O-O O-O 8. h3 d6 9. Nbd2 cxd4 10. exd4 Nbd7 11. Re1 Qc7 12. a4 a6 13. Bd3 Rfe8 14. Bh2 Bf8 15. Rc1 Rac8 16. c4 Qb8 17. a5 bxa5 18. Qa4 Bxf3 19. Nxf3 Qb4 20. Ra1 Rb8 21. Qxa5 Qxa5 22. Rxa5 Rxb2 23. Rxa6 Rb3 24. Bf1 d5 25. c5 Rc3 26. Ne5 Nxe5 27. Bxe5 Nd7 28. Bg3 Rc8 29. Ra7 Nf6 30. Rb1 Ne4 31. Bf4 f6 32. Rbb7 g5 33. Bh2 Rc1 34. Bd6 Nd2 35. Bxf8 Nxf1 36. Rg7+ Kxf8 37. Raf7+ Ke8 38. Re7+ Kf8 39. Ref7+ Ke8 40. Re7+ Kd8 41. Rd7+ Ke8 42. Rde7+ 1/2-1/2


[Site "https://www.chess.com"]

[Event "Titled Tuesday Blitz April 19 Early 2022"]
[White "Saksham, Rautela"]
[Black "Lagunov, Evgenij"]
[WhiteFideId "35046977"]
[BlackFideId "4125363"]
[WhiteElo "1990"]
[BlackElo "2200"]
[Result "1-0"]
[Round "02"]
[TimeControl "180+1"]
[Date "2022.04.19"]
[WhiteClock "0:00:01"]
[BlackClock "0:00:01"]

1. e4 c5 2. Nf3 e6 3. d4 cxd4 4. Nxd4 Nf6 5. Nc3 Nc6 6. Nxc6 bxc6 7. e5 Nd5 8. Ne4 Qc7 9. f4 Qb6 10. c4 Bb4+ 11. Ke2 Ba6 12. Kf3 f5 13. exf6 Nxf6 14. c5 Bxc5 15. Nxc5 Bxf1 16. Na4 Bxg2+ 17. Kxg2 Qb4 18. Nc3 O-O 19. Rf1 d5 20. Qe2 Rae8 21. a3 Qd6 22. Qe5 Qe7 23. h3 g6 24. Be3 c5 25. Bg1 Nh5 26. Rae1 Rf5 27. Qe2 Nxf4+ 28. Rxf4 Rxf4 29. Bh2 Rd4 30. Be5 Qg5+ 31. Kh2 Rd2 32. Qxd2 Qxd2+ 33. Re2 Qd3 34. Kg2 Rf8 35. Re1 d4 36. Ne4 Qf3+ 37. Kg1 d3 38. Rd1 Qxe4 39. Bc3 1-0


[Site "https://www.chess.com"]

[Event "Titled Tuesday Blitz April 19 Early 2022"]
[White "Samunenkov, Ihor"]
[Black "Atanejhad, Sahebali"]
[WhiteFideId "14187086"]
[BlackFideId "12506664"]
[WhiteElo "2409"]
[BlackElo "1953"]
[Result "1-0"]
[Round "02"]
[TimeControl "180+1"]
[Date "2022.04.19"]
[WhiteClock "0:00:23"]
[BlackClock "0:01:12"]

1. d4 Nf6 2. c4 e6 3. Nf3 c5 4. d5 b5 5. dxe6 fxe6 6. cxb5 d5 7. Nc3 d4 8. Nb1 Bd6 9. Na3 O-O 10. Nc4 Bc7 11. e3 e5 12. Ncxe5 Re8 13. Bc4+ Be6 14. O-O Bxc4 15. Nxc4 Qd5 16. b3 d3 17. Bb2 Ne4 18. Ne1 Rd8 19. Nd2 Ng5 20. Nef3 Ne6 21. Nc4 Nd7 22. Qd2 Nb6 23. Nxb6 axb6 24. Rfd1 Qh5 25. Qc3 g5 26. Qh8+ Kf7 27. Qf6+ 1-0


[Site "https://www.chess.com"]

[Event "Titled Tuesday Blitz April 19 Early 2022"]
[White "San, Thit Lwin"]
[Black "Kotepalli, Sai Nirupama"]
[WhiteFideId "13001272"]
[BlackFideId "5039444"]
[WhiteElo "2232"]
[BlackElo "2450"]
[Result "0-1"]
[Round "02"]
[TimeControl "180+1"]
[Date "2022.04.19"]
[WhiteClock "0:00:05"]
[BlackClock "0:00:36"]

1. Nf3 Nc6 2. c4 g6 3. d4 Bg7 4. Nc3 d6 5. d5 Ne5 6. Bf4 Nxf3+ 7. exf3 Nf6 8. Bd3 e5 9. dxe6 Bxe6 10. O-O O-O 11. Qd2 Nd7 12. Bh6 Bxh6 13. Qxh6 Ne5 14. Rfd1 Qf6 15. Ne4 Qg7 16. Qxg7+ Kxg7 17. b3 Bf5 18. Bf1 Rfe8 19. Ng3 Be6 20. Re1 Rad8 21. Rad1 Nc6 22. f4 Nb4 23. Rd2 a5 24. a3 Na6 25. f3 Nc5 26. b4 axb4 27. axb4 Na6 28. Rb2 h5 29. h4 c5 30. bxc5 Nxc5 31. Rd1 Bc8 32. Rbd2 Re6 33. f5 Rf6 34. fxg6 fxg6 35. Kf2 Rd7 36. Rd5 b6 37. Kg1 Bb7 38. R5d4 Nb3 39. R4d3 Na5 40. Rd5 Bxd5 41. Rxd5 Rf4 42. Ne4 Nb7 43. g3 Rxf3 44. Bg2 Rf5 45. Rd2 Kf8 46. Ng5 Rf6 47. Bh3 Re7 48. Rb2 d5 49. cxd5 Nc5 50. Be6 Nxe6 51. Nxe6+ Rfxe6 52. dxe6 Rxe6 53. Kf2 Ke7 54. Rb5 Kd7 55. Kf3 Kc6 56. Rb2 b5 57. g4 hxg4+ 58. Kxg4 Kc5 59. h5 gxh5+ 60. Kxh5 b4 61. Rc2+ Kb5 62. Kg4 b3 63. Rc8 Rb6 64. Rc1 b2 65. Rb1 Kc4 66. Kf3 Kc3 67. Ke2 Kc2 68. Rd1 Re6+ 0-1


[Site "https://www.chess.com"]